 Dungeon Crawl Stone Soup version 0.32-a0-685-g93135e86f0 (webtiles) character file.

Game seed: 1695986076053405731

45481 ytrimaz the Nimble (level 14, -2/121 HPs)
             Began as an Octopode Shapeshifter on Mar 12, 2024.
             Was a Priest of Ashenzari.
             Slain by a seven-headed hydra (7 damage)
             ... on level 3 of the Lair of Beasts.
             The game lasted 00:24:34 (19694 turns).

ytrimaz the Nimble (Octopode Shapeshifter)         Turns: 19694, Time: 00:24:34

Health: -2/121     AC: 12    Str: 18    XL:     14   Next: 33%
Magic:  30/30      EV: 22    Int: 22    God:    Ashenzari [***...]
Gold:   200        SH:  0    Dex: 23    Spells: 20/23 levels left

rFire   + .          .
                       - Unarmed
rCold   . . .        (shield currently unavailable)
rNeg    + + +        (helmet currently unavailable)
rPois   +            k - amulet of Ashenzari's Lethargy {Regen+, Self, Dev} (curse)
rElec   +            l - ring of Ashenzari's Augurer {Dex+6, Bglg, Elem} (curse)
rCorr   +            r - ring "I Knew You'd Do That" {Will+, Elem, Dev} (curse)
SInv    +            t - ring of Supernal Wisdom {rCorr, Cun, Dev} (curse)
Will    +....        y - ring "Shattered Trepidation" {Dex+6, Elem, Self} (curse)
Stlth   +++++        G - ring of protection from fire
HPRegen 1.20/turn    j - ring of the Elysian Seer {Fly rElec rN+ MP+9, Sorc, Comp} (curse)
MPRegen 0.22/turn    (no ring)
                     (no ring)

%: clarity
@: snake-form, flying
A: constrict, boosted hp, almost no armour, amphibious, 8 rings, large,
(camouflage 1), (gelatinous body 1), (nimble swimmer 1), (tentacles)
a: Begin Untransformation, Renounce Religion, Curse Item, Shatter the Chains


You were on level 3 of the Lair of Beasts.
You worshipped Ashenzari.
Ashenzari was most pleased with you.
You were an enormous serpent.
You visited 4 branches of the dungeon, and saw 18 of its levels.
You also visited: Bailey and Volcano.

You collected 1173 gold pieces.
You spent 973 gold pieces at shops.


Innate Abilities, Weirdness & Mutations

You are an enormous serpent.
You have a powerful constriction melee attack.
Your maximum health is increased.
Your armour is entirely melded.
You are incapable of wielding weapons or throwing items.
You cannot wear most types of armour.
You are amphibious.
You can wear up to eight rings at the same time.
((Your skin changes colour to match your surroundings (Stealth+).))
((Your rubbery body absorbs attacks. (AC +1, EV +1)))
((You are camouflaged when in or above water. (Stealth+)))
((You have tentacles for arms and can constrict up to eight enemies at once.))


   Skills:
 - Level 8.8(11.0) Fighting
 + Level 14.4(15.8) Dodging
 - Level 8.4(10.0) Stealth
 - Level 11.0 Unarmed Combat
 + Level 3.1(5.1) Spellcasting
 - Level 4.5(6.0) Necromancy
 - Level 12.3(15.2) Shapeshifting


You had 20 spell levels left.
You knew the following spells:

 Your Spells              Type           Power      Damage    Failure   Level
a - Vampiric Draining     Necr           32%        2d8       2%          3

Your spell library contained the following spells:

 Spells                   Type           Power      Damage    Failure   Level
 Necrotise                Necr           100%       1d9       1%          1
 Kiss of Death            Conj/Necr      76%        2d11      2%          1
 Fugue of the Fallen      Necr           32%        N/A       2%          3
 Sandblast                Erth           14%        2d6       9%          1
 Dispel Undead            Necr           32%        3d14      9%          4
 Curse of Agony           Necr           32%        N/A       24%         5
 Ozocubu's Armour         Ice            7%         N/A       26%         3
 Stone Arrow              Conj/Erth      12%        3d7       26%         3
 Confusing Touch          Hex            6%         N/A       28%         3
 Martyr's Knell           Necr/Summ      19%        N/A       28%         4
 Brom's Barrelling Bould  Conj/Erth      6%         2d3       65%         4
 Ignite Poison            Fire/Alch      6%         N/A       65%         4
 Sticky Flame             Fire/Alch      6%         2d4       65%         4
 Vhi's Electric Charge    Tloc/Air       12%        N/A       65%         4
 Cause Fear               Hex            3%         N/A       67%         4
 Manifold Assault         Tloc           6%         N/A       67%         4
 Arcjolt                  Conj/Air       3%         1d13      94%         5
 Fireball                 Conj/Fire      3%         3d4       94%         5
 Ignition                 Fire           3%         3d4       100%        8
 Maxwell's Capacitive Co  Air            3%         ∞         100%        8
 Dragon's Call            Summ           3%         N/A       100%        9

Inventory:

Missiles
 F - 5 throwing nets
Jewellery
 j - the cursed ring of the Elysian Seer (on tentacle) {Fly rElec rN+ MP+9, Sorc, Comp}
   (You bought it in a shop on level 6 of the Dungeon)

   [ring of magical power]

   rElec:     It insulates you from electricity.
   rN+:       It protects you from negative energy.
   MP+9:      It affects your magic capacity (+9).
   Fly:       It grants you flight.
   It has a curse which improves the following skills: Sorcery: Conjurations and
   Alchemy.
   Companions: Summonings and Necromancy.
 k - the cursed amulet of Ashenzari's Lethargy (around neck) {Regen+, Self, Dev}
   (You bought it in a shop on level 6 of the Dungeon)

   [amulet of regeneration]

   Regen+:    It increases your rate of health regeneration.
   It has a curse which improves the following skills: Introspection: Fighting
   and Spellcasting.
   Devices:   Evocations and Shapeshifting.
 l - the cursed ring of Ashenzari's Augurer (left tentacle) {Dex+6, Bglg, Elem}
   (You took it off an orc on level 3 of the Dungeon)

   [ring of dexterity]

   Dex+6:     It affects your dexterity (+6).
   It has a curse which improves the following skills: Beguiling: Hexes and
   Translocations.
   Elements:  Fire Magic, Ice Magic, Air Magic and Earth Magic.
 r - the cursed ring "I Knew You'd Do That" (right tentacle) {Will+, Elem, Dev}
   (You found it on level 6 of the Dungeon)

   [ring of willpower]

   Will+:     It increases your willpower.
   It has a curse which improves the following skills: Elements: Fire Magic, Ice
   Magic, Air Magic and Earth Magic.
   Devices:   Evocations and Shapeshifting.
 t - the cursed ring of Supernal Wisdom (on tentacle) {rCorr, Cun, Dev}
   (You bought it in a shop on level 6 of the Dungeon)

   [ring of resist corrosion]

   rCorr:     It protects you from acid and corrosion.
   It has a curse which improves the following skills: Cunning: Dodging and
   Stealth.
   Devices:   Evocations and Shapeshifting.
 y - the cursed ring "Shattered Trepidation" (on tentacle) {Dex+6, Elem, Self}
   (You found it on level 8 of the Dungeon)

   [ring of dexterity]

   Dex+6:     It affects your dexterity (+6).
   It has a curse which improves the following skills: Elements: Fire Magic, Ice
   Magic, Air Magic and Earth Magic.
   Introspection: Fighting and Spellcasting.
 A - a ring of ice
   (You took it off Fannar on level 10 of the Dungeon)
 G - a ring of protection from fire (on tentacle)
   (You found it on level 12 of the Dungeon)
Talismans
 b - a beast talisman
 c - a flux talisman
 z - a blade talisman
   (You found it on level 5 of the Dungeon)
 J - the serpent talisman of the Forgotten Emperors (active) {rN+++ Will- rCorr Int+4}
   (You found it on level 2 of the Lair of Beasts)

   [serpent talisman]

   Int+4:     It affects your intelligence (+4).
   rN+++:     It renders you almost immune to negative energy.
   Will-:     It decreases your willpower.
   rCorr:     It protects you from acid and corrosion.
Wands
 n - a wand of flame (19)
   (You took it off a goblin on level 5 of the Dungeon)
 u - a wand of charming (43)
   (You found it on level 6 of the Dungeon)
 x - a wand of roots (11)
   (You found it on level 8 of the Dungeon)
 C - a wand of mindburst (13)
   (You took it off a vampire on level 10 of the Dungeon)
Scrolls
 a - 6 scrolls of enchant weapon
 d - 2 scrolls of poison
 m - 3 scrolls of teleportation
 p - 5 scrolls of vulnerability
 q - a scroll of enchant armour
 s - 2 scrolls of torment
 H - 2 scrolls of revelation
 I - a scroll of amnesia
 L - a scroll of immolation
 N - a scroll of blinking
 O - a scroll of brand weapon
Potions
 e - 4 potions of might
 f - a potion of attraction
 g - 3 potions of haste
 h - 2 potions of cancellation
 i - a potion of berserk rage
 o - 5 potions of mutation
 v - 4 potions of curing
 w - a potion of invisibility
 B - a potion of resistance
 D - 2 potions of lignification
 E - a potion of enlightenment
 K - a potion of heal wounds
 M - 9 potions of ambrosia

Dungeon Overview and Level Annotations

Branches:
Dungeon (13/15) Zot: 25565  Temple (1/1) D:5 Zot: 5985    Lair (3/5) D:10 Zot: 15387
  Swamp (0/4) Lair:2        Snake (0/4) Lair:2          Orc (1/2) D:9 Zot: 4879
 Bailey (visited)         Volcano (visited)
 Vaults: D:13-14

Altars:
Ashenzari
Cheibriados
Dithmenos
Elyvilon
Fedhas
Gozag
Hepliaklqana
Kikubaaqudgha
Makhleb
Nemelex Xobeh
Okawaru
Qazlal
Ru
Sif Muna
Trog
Uskayaw
Vehumet
Wu Jian
Xom
Yredelemnul
Zin
The Shining One

Shops:
D:6 =:*   D:9 :

Annotations:
D:4 4 runed translucent doors, Crazy Yiuf; TombstoneGhost's ghost, novice MiGl
D:9 2 runed translucent doors, Bediveer's ghost, journeyman MDFi
D:11 1 runed translucent door, exclusion: door
Lair:1 2 transporters, Acoak's ghost, journeyman DgEE

.#..####. +.
..#.....# .#
.+......##.
.........##
+...⌠....# #
.+#####........#.#
......###.†.Y....#..
......#.###DS.⌠...#
............h.....#
.$..................
.....#...⌠..⌠.>.⌠...
.........)..........
.....#.............#
...#.##.##....⌠..#..
#. ##.###........##.
## ............##.#
##.


You could see a seven-headed hydra, a yak and a wolf.


Message History

😕 HP[+1]
You release your grip on the yak.
The wolf closely misses you. The wolf bites you but does no damage.
The yak attacks as it pursues you! The yak closely misses you.
The yak gores you! The yak gores you.
You see here a wolf corpse. 😕 HP[-9]
You take 9 damage, and now have 96/121 hp.
Unknown command.
You body-slam the yak!!
You kill the yak!
The wolf closely misses you. 😕 HP[+1] Unknown command.
You body-slam the yak!!
You grab the yak. You constrict the yak. The wolf closely misses you.
The yak gores you but does no damage. The yak barely misses you.
The wolf barely misses you. 😕 HP[+1]
You lash the yak!
You kill the yak!
The wolf misses you.
The yak completely misses you. 😕 HP[+1] Unknown command.
You barely miss the yak. You grab the yak. You constrict the yak.
The wolf completely misses you.
The yak misses you. 😕 HP[+1] Unknown command.
You lash the yak!
You constrict the yak, but do no damage.
The wolf bites you but does no damage. The wolf barely misses you.
The yak closely misses you. 😕 HP[+1] Unknown command.
You hit the seven-headed hydra. You constrict the yak.
The wolf bites you but does no damage. The seven-headed hydra bites you!
The seven-headed hydra bites you but does no damage.
The seven-headed hydra closely misses you.
The seven-headed hydra bites you but does no damage.
The seven-headed hydra barely misses you.
The seven-headed hydra bites you!
The seven-headed hydra closely misses you. 😮 HP[-20]
You take 20 damage, and now have 81/121 hp.
You hit the seven-headed hydra. You constrict the yak.
The wolf bites you but does no damage. The yak barely misses you.
The wolf misses you.
Unknown command. 😮 HP[+1]
You body-slam the seven-headed hydra!!
You constrict the yak. The seven-headed hydra bites you!
The seven-headed hydra closely misses you.
The seven-headed hydra bites you. The seven-headed hydra misses you. x2
The seven-headed hydra barely misses you.
The seven-headed hydra bites you but does no damage.
The yak gores you but does no damage. The wolf closely misses you. 😮 HP[-18]
You take 18 damage, and now have 64/121 hp.
Unknown command.
You body-slam the seven-headed hydra!!
You constrict the yak. The wolf closely misses you.
The seven-headed hydra bites you.
* * * LOW HITPOINT WARNING * * *
The seven-headed hydra barely misses you.
The seven-headed hydra bites you!
* * * LOW HITPOINT WARNING * * *
The seven-headed hydra bites you.
* * * LOW HITPOINT WARNING * * *
The seven-headed hydra closely misses you. x2
The seven-headed hydra completely misses you.
The yak barely misses you. 😨 HP[-17]
You take 17 damage, and now have 47/121 hp.
Unknown command.
You lash the seven-headed hydra! You constrict the yak. The wolf misses you.
The seven-headed hydra completely misses you.
The seven-headed hydra bites you!
* * * LOW HITPOINT WARNING * * *
The seven-headed hydra closely misses you.
The seven-headed hydra bites you.
* * * LOW HITPOINT WARNING * * *
The seven-headed hydra completely misses you.
The seven-headed hydra bites you.
* * * LOW HITPOINT WARNING * * *
The seven-headed hydra bites you!
* * * LOW HITPOINT WARNING * * *
The wolf barely misses you. The yak misses you.
Unknown command. 😱 HP[-21]
You take 21 damage, and now have 26/121 hp.
You hit the seven-headed hydra but do no damage.
You constrict the yak. The wolf completely misses you.
The seven-headed hydra bites you!
* * * LOW HITPOINT WARNING * * *
The seven-headed hydra completely misses you.
The seven-headed hydra bites you but does no damage.
The seven-headed hydra bites you!
* * * LOW HITPOINT WARNING * * *
The seven-headed hydra bites you.
* * * LOW HITPOINT WARNING * * *
The seven-headed hydra closely misses you.
The seven-headed hydra bites you!
You die...

Skill      XL: |  1  2  3  4  5  6  7  8  9 10 11 12 13 14 |
---------------+-------------------------------------------+-----
Unarmed Combat | 4 5 6 7 8 10 11 | 11.0
Shapeshifting  | 6 7 9 11 12 | 12.3
Fighting       | 8 |  8.8
Dodging        | 8 10 12 13 14 | 14.4
Stealth        | 1 8 |  8.4
Necromancy     | 3 4 |  4.5
Spellcasting   | 3 |  3.1

Action                     |  1- 3 |  4- 6 |  7- 9 | 10-12 | 13-15 || total
---------------------------+-------+-------+-------+-------+-------++-------
  Melee: Unarmed           |    52 |   104 |   169 |   537 |   494 ||  1356
         Constrict         |    19 |    23 |    42 |    81 |   107 ||   272
         Tentacles         |     9 |    13 |    37 |   185 |    88 ||   332
         Punch             |     1 |     5 |    12 |       |     6 ||    24
 Invoke: Curse Item        |       |       |     2 |     2 |     2 ||     6
  Evoke: Wand              |       |       |     5 |     2 |     1 ||     8
    Use: Scroll            |       |     4 |     1 |     2 |     7 ||    14
         Potion            |       |     3 |     9 |     5 |     8 ||    25
   Stab: Sleeping          |     6 |     5 |    17 |     1 |    10 ||    39
         Distracted        |       |       |     1 |       |       ||     1
         Invisible         |       |       |     1 |     1 |       ||     2
         Paralysed         |       |       |       |     1 |       ||     1
 Armour: Skin              |    15 |    71 |    94 |   147 |   227 ||   554
  Dodge: Dodged            |    32 |    45 |    85 |   496 |   687 ||  1345
   Form: Flux              |       |       |       |     1 |     1 ||     2
         Blade             |       |       |       |       |     1 ||     1
         Serpent           |       |       |       |       |     1 ||     1

Levels and vault maps discovered:
D:1:      nicolae_arrival_memento_mori, layout_basic,
          hellmonk_ecumenical_altar_heavens_door, supply_closet_lemuel
D:2:      layout_rooms
D:3:      minmay_chambers_of_threes, layout_rooms,
          nicolae_overflow_hidden_temple, uniq_robin, uniq_natasha
D:4:      layout_layer_cave, old_standard_altar, nicolae_tso_besieged_by_evil,
          ebering_ghost_gozag, kennysheep_generic_room_7, uniq_blork_the_orc,
          uniq_menkaure, uniq_crazy_yiuf_cottage
D:5:      layout_basic, vehumet_altar_wand_db, led_sif_pool,
          lemuel_crystal_altar, temple_pool_b
D:6:      minmay_cornered_nines, layout_basic, bloody_makhleb, serial_shops,
          nicolae_diamond_shop, shop, shop, kennysheep_mini_moat
D:7:      lemuel_slime, layout_basic, mainiacjoe_overflow_catch_the_wave,
          enter_bailey_2
D:8:      layout_rooms, mainiacjoe_overflow_brackets,
          nicolae_ru_great_annihilating_truth
D:9:      layout_rooms, mainiacjoe_overflow_tiny_flanked, david_orc_2,
          ebering_ghost_disaster_area, serial_shops, shop
D:10:     layout_gridville, nzn_wu_jian_council_hall, david_lair_shrubbed,
          uniq_fannar
D:11:     gammafunk_mikee_crab_dinner, layout_cave_pools, uniq_erolcha
D:12:     layout_grid_maze
D:13:     layout_roguey, hangedman_glass_teeth, uniq_jorgrun
Temple:   compressed_dpeg_triangle_lava_temple
Lair:1:   beast_lair_carwin_large_2, layout_cave_pods,
          gammafunk_ghost_wrathful_warriors, uniq_harold, uniq_amaemon,
          uniq_joseph
Lair:2:   layout_chaotic_city, skrybe_swamp_entry_bodies,
          minmay_snake_entry_guardpost_small, grunt_forest_large_clearings,
          grunt_megastairs_5, lemuel_fruit_fields
Lair:3:   layout_roguey [special_room_bee], infiniplex_staircase_pool,
          grunt_megastairs_3
Orc:1:    layout_caves, enter_volcano_4

Notes
Turn   | Place    | Note
-------+----------+-------------------------------------------
     0 | D:1      | ytrimaz the Octopode Shapeshifter began the quest for the
                  | Orb.
     0 | D:1      | Reached XP level 1. HP: 13/13 MP: 1/1
     0 | D:1      | magus.rc [v1.9.6]
    45 | D:1      | Reached XP level 2. HP: 17/18 MP: 2/2
    63 | D:1      | You pick up a book of Necromancy and begin reading...
    63 | D:1      | You add the spells Necrotise, Vampiric Draining, Martyr's
                  | Knell and Curse of Agony to your library.
   530 | D:1      | Found a faded altar of an unknown god.
   615 | D:2      | Reached skill level 4 in Unarmed Combat
   665 | D:2      | Reached XP level 3. HP: 23/23 MP: 3/3
  1003 | D:3      | You pick up a book of Battle and begin reading...
  1003 | D:3      | You add the spells Fugue of the Fallen, Ozocubu's Armour
                  | and Manifold Assault to your library.
  1027 | D:3      | Reached skill level 5 in Unarmed Combat
  1027 | D:3      | Reached XP level 4. HP: 19/28 MP: 4/4
  1117 | D:3      | Reached XP level 5. HP: 31/33 MP: 5/5
  1134 | D:3      | Noticed Natasha
  1137 | D:3      | Killed Natasha
  1468 | D:3      | Noticed Robin
  1504 | D:3      | Killed Robin
  1505 | D:3      | Reached skill level 6 in Unarmed Combat
  1717 | D:3      | Noticed Natasha
  1722 | D:3      | Killed Natasha
  1723 | D:3      | Reached XP level 6. HP: 34/38 MP: 6/6
  1934 | D:3      | Noticed Natasha
  1940 | D:3      | Killed Natasha
  2162 | D:4      | Noticed Blork the orc
  2170 | D:4      | Killed Blork the orc
  2171 | D:4      | Reached skill level 7 in Unarmed Combat
  2268 | D:4      | Found a runed translucent gate.
  2268 | D:4      | Found a runed translucent gate.
  2268 | D:4      | Found a runed translucent gate.
  2268 | D:4      | Found an opulent altar of Gozag.
  2268 | D:4      | Noticed an ice beast
  2269 | D:4      | Noticed TombstoneGhost's ghost (novice MiGl)
  2297 | D:4      | HP: 7/38 [gnoll/+0 spear[a gnoll bouda] (8)]
  2303 | D:4      | Reached XP level 7. HP: 22/43 MP: 7/7
  2652 | D:4      | Reached skill level 8 in Unarmed Combat
  2855 | D:4      | Found a glowing golden altar of the Shining One.
  2917 | D:4      | Found a glowing silver altar of Zin.
  3282 | D:4      | Noticed Menkaure
  3285 | D:4      | Killed Menkaure
  3286 | D:4      | Reached XP level 8. HP: 37/48 MP: 8/8
  3472 | D:4      | Found a runed translucent door.
  3473 | D:4      | Noticed Crazy Yiuf
  3722 | D:5      | Entered Level 5 of the Dungeon
  3780 | D:5      | Found a staircase to the Ecumenical Temple.
  3784 | D:5      | Found a snail-covered altar of Cheibriados.
  3792 | Temple   | Entered the Ecumenical Temple
  3799 | Temple   | Became a worshipper of Ashenzari the Shackled
  3815 | D:5      | Reached skill level 9 in Unarmed Combat
  3815 | D:5      | Reached skill level 4 in Shapeshifting
  4204 | D:5      | Found a radiant altar of Vehumet.
  4224 | D:5      | Reached skill level 5 in Shapeshifting
  4595 | D:5      | Found a shimmering blue altar of Sif Muna.
  4773 | D:6      | Found Ceddumip's Book Shoppe.
  4870 | D:6      | Found Zemug's General Store.
  4916 | D:6      | Bought a potion of heal wounds for 70 gold pieces
  5034 | D:6      | HP: 6/48 [ice beast (11)]
  5037 | D:6      | Reached skill level 10 in Unarmed Combat
  5048 | D:6      | Reached skill level 6 in Shapeshifting
  5048 | D:6      | Reached XP level 9. HP: 43/53 MP: 9/9
  5171 | D:6      | Found a burning altar of Makhleb.
  5226 | D:6      | Reached * piety under Ashenzari
  5296 | D:6      | Found Jojutt's Jewellery Emporium.
  5314 | D:6      | Bought a ring of resist corrosion for 200 gold pieces
  5415 | D:6      | Noticed a troll
  5513 | D:6      | Killed a troll
  5514 | D:6      | Reached skill level 7 in Shapeshifting
  5567 | D:6      | You add the spells Vhi's Electric Charge, Arcjolt and
                  | Maxwell's Capacitive Coupling to your library.
  5605 | D:6      | Found Jihidgh's Armour Emporium.
  5718 | D:7      | Found a shadowy altar of Dithmenos.
  5730 | D:7      | Found a flagged portal.
  5736 | D:7      | HP: 11/53 [killer bee (6)]
  5736 | D:7      | HP: 3/53 [orc warrior/+0 dire flail (8)]
  5746 | D:7      | HP: 3/53 [killer bee (3)]
  5747 | Bailey   | Entered a bailey
  5747 | Bailey   | HP: 1/53 [poisoned by a killer bee]
  6096 | Bailey   | Reached skill level 11 in Unarmed Combat
  6169 | Bailey   | HP: 9/48 [gnoll/+2 halberd of electrocution (15)]
  6512 | Bailey   | Identified a potion of experience
  6528 | Bailey   | Reached skill level 2 in Fighting
  6716 | Bailey   | Reached skill level 8 in Fighting
  6716 | Bailey   | Reached skill level 8 in Dodging
  6716 | Bailey   | Reached XP level 10. HP: 66/66 MP: 10/10
  6764 | D:7      | Found a blossoming altar of Fedhas.
  7069 | D:7      | HP: 18/72 [acid (2)]
  7077 | D:7      | HP: 16/72 [acid (2)]
  7460 | D:7      | Reached XP level 11. HP: 77/77 MP: 11/11
  8055 | D:8      | Found a sparkling altar of Nemelex Xobeh.
  8333 | D:8      | You add the spells Ignite Poison, Sticky Flame and Ignition
                  | to your library.
  8367 | D:8      | Reached ** piety under Ashenzari
  8373 | D:8      | Noticed a cyclops
  8381 | D:8      | Killed a cyclops
  8899 | D:8      | Found a sacrificial altar of Ru.
  9213 | D:9      | Found a large runed translucent door.
  9213 | D:9      | Found a large runed translucent door.
  9218 | D:9      | Noticed Bediveer's ghost (journeyman MDFi)
  9233 | D:9      | Reached skill level 8 in Shapeshifting
  9237 | D:9      | Found Gebuocy's Book Shop.
  9242 | D:9      | Found a stormy altar of Qazlal.
  9308 | D:9      | Found a staircase to the Orcish Mines.
  9323 | D:9      | Reached skill level 9 in Dodging
  9726 | D:10     | Entered Level 10 of the Dungeon
 10098 | D:10     | You pick up a book of Geomancy and begin reading...
 10098 | D:10     | You add the spells Sandblast, Stone Arrow and Brom's
                  | Barrelling Boulder to your library.
 10101 | D:10     | Found a staircase to the Lair.
 10165 | D:10     | Noticed Fannar
 10174 | D:10     | Killed Fannar
 10485 | D:10     | Reached skill level 9 in Shapeshifting
 10645 | D:10     | Reached skill level 10 in Dodging
 10774 | D:10     | Found an ornate altar of the Wu Jian Council.
 10868 | D:11     | Noticed a two-headed ogre
 10886 | D:11     | Killed a two-headed ogre
 11185 | D:11     | Noticed a cyclops
 11192 | D:11     | Killed a cyclops
 11277 | D:11     | Reached XP level 12. HP: 87/87 MP: 12/12
 11298 | D:11     | HP: 19/87 [troll (9)]
 11891 | D:11     | Reached skill level 10 in Shapeshifting
 11900 | D:11     | Noticed a two-headed ogre
 11911 | D:11     | Killed a two-headed ogre
 11912 | D:11     | Reached skill level 11 in Dodging
 11969 | D:11     | HP: 17/87 [acid dragon/splash of acid (6)]
 12259 | D:11     | Noticed Erolcha
 12276 | D:11     | Killed Erolcha
 12305 | D:11     | Found a runed translucent door.
 12309 | D:11     | You pick up a book of the Dragon and begin reading...
 12309 | D:11     | You add the spells Cause Fear, Fireball and Dragon's Call
                  | to your library.
 12761 | D:12     | HP: 19/87 [slime creature (12)]
 12763 | D:12     | HP: 5/87 [slime creature (15)]
 12765 | D:12     | HP: 2/87 [slime creature (3)]
 13055 | D:12     | Noticed a boulder beetle
 13070 | D:12     | Killed a boulder beetle
 13811 | D:12     | Reached skill level 12 in Dodging
 13859 | D:12     | Reached skill level 11 in Shapeshifting
 13875 | D:12     | Noticed a two-headed ogre
 13883 | D:12     | Killed a two-headed ogre
 14087 | D:12     | Noticed a two-headed ogre
 14096 | D:12     | Killed a two-headed ogre
 14247 | D:12     | Noticed a two-headed ogre
 14260 | D:12     | Killed a two-headed ogre
 14485 | D:13     | Reached skill level 1 in Stealth
 14485 | D:13     | Reached XP level 13. HP: 55/92 MP: 13/13
 15113 | D:13     | Reached skill level 2 in Stealth
 15329 | Orc:1    | Entered Level 1 of the Orcish Mines
 15359 | D:9      | Reached skill level 3 in Stealth
 15373 | D:9      | HP: 23/92 [orc warrior/+0 dire flail (14)]
 15670 | Orc:1    | Reached skill level 4 in Stealth
 15840 | Orc:1    | Found a dark tunnel.
 15845 | Volcano  | Entered a volcano
 15856 | Volcano  | HP: 9/92 [yaktaur (18)]
 15858 | Volcano  | HP: 3/92 [centaur/arrow (14)]
 15866 | Volcano  | Found a large runed translucent door.
 15867 | Volcano  | Found a large runed translucent door.
 16233 | Orc:1    | Reached skill level 13 in Dodging
 16585 | Orc:1    | Reached skill level 5 in Stealth
 16588 | Orc:1    | Reached skill level 12 in Shapeshifting
 16661 | Orc:1    | Noticed an orc warlord
 16794 | Lair:1   | Entered Level 1 of the Lair of Beasts
 16805 | Lair:1   | Noticed Joseph
 16817 | Lair:1   | Killed Joseph
 16820 | Lair:1   | HP: 23/92 [cane toad (25)]
 16822 | Lair:1   | HP: 10/92 [poisoned by a cane toad]
 17039 | D:6      | Bought the ring of the Eleven Lies {Fly rElec rN+ MP+9} for
                  | 403 gold pieces
 17039 | D:6      | Bought an amulet of regeneration for 300 gold pieces
 17205 | Lair:1   | Reached skill level 6 in Stealth
 17335 | Lair:1   | Noticed Harold
 17350 | Lair:1   | HP: 20/92 [yak (10)]
 17380 | Lair:1   | HP: 19/92 [yak (10)]
 17396 | Lair:1   | HP: 28/138 [Harold/+0 mace of protection (12)]
 17397 | Lair:1   | Killed Harold
 17512 | Lair:1   | Noticed Amaemon
 17554 | Lair:1   | Killed Amaemon
 17573 | Lair:1   | Reached skill level 7 in Stealth
 17609 | Lair:1   | Noticed Acoak's ghost (journeyman DgEE)
 17616 | Lair:1   | Found a transporter.
 17628 | Lair:1   | Found a transporter.
 17634 | Lair:1   | Found a bloodstained altar of Trog.
 17843 | Lair:1   | Learned a level 3 spell: Vampiric Draining
 18307 | Lair:2   | Reached skill level 8 in Stealth
 18307 | Lair:2   | Reached skill level 1 in Necromancy
 18372 | Lair:2   | Reached *** piety under Ashenzari
 18378 | Lair:2   | Identified the serpent talisman of the Forgotten Emperors
                  | {rN+++ Will- rCorr Int+4}
 18521 | Lair:2   | Found a staircase to the Snake Pit.
 18531 | Lair:2   | Found a staircase to the Swamp.
 18535 | Lair:2   | Reached skill level 2 in Necromancy
 18541 | Lair:2   | You pick up a book of Touch and begin reading...
 18541 | Lair:2   | You add the spells Kiss of Death, Confusing Touch and
                  | Dispel Undead to your library.
 18582 | Lair:2   | Reached skill level 3 in Necromancy
 18615 | Lair:2   | Identified the +4 ring mail of the Pleiades {Harm ^Drain
                  | rPois rF+++}
 18621 | Lair:2   | Reached XP level 14. HP: 101/101 MP: 14/14
 18862 | Lair:2   | Reached skill level 14 in Dodging
 18862 | Lair:2   | Reached skill level 4 in Necromancy
 18919 | Lair:2   | Reached skill level 1 in Spellcasting
 19295 | Lair:3   | Reached skill level 2 in Spellcasting
 19674 | Lair:3   | Reached skill level 3 in Spellcasting
 19693 | Lair:3   | HP: 26/121 [seven-headed hydra (7)]
 19694 | Lair:3   | HP: 7/121 [seven-headed hydra (7)]
 19694 | Lair:3   | Slain by a seven-headed hydra

Vanquished Creatures
  Erolcha (D:11)
  Harold (Lair:1)
  Fannar (D:10)
  A boulder beetle (D:12)
  6 two-headed ogres
  A skeletal warrior (D:13)
  Amaemon (Lair:1)
  2 bog bodies (Lair:2)
  A manticore (D:11)
  4 cyclopes
  2 ugly things
  A moth of wrath (shapeshifter) (D:13)
  An orc sorcerer (Orc:1)
  6 kobold blastminers (Orc:1)
  10 cane toads
  Joseph (Lair:1)
  An unseen horror (D:13)
  An orange demon (Lair:1)
  A rime drake (Lair:2)
  5 komodo dragons
  A queen bee (Lair:3)
  7 trolls
  5 polar bears
  11 blink frogs
  14 slime creatures
  2 wraiths
  4 shadows
  A vampire (D:10)
  A wyvern (D:10)
  44 yaks
  A basilisk (Lair:1)
  A vampire mosquito (D:6)
  A steam dragon (D:7)
  Menkaure (D:4)
  4 acid dragons
  2 nagas (Lair:2)
  5 water moccasins
  5 black bears
  A sky beast (D:7)
  9 orc warriors
  2 ice beasts
  8 wolves
  2 ogres
  4 centaurs
  4 phantoms
  A kobold brigand (D:9)
  11 bullfrogs
  5 scorpions
  Blork the orc (D:4)
  3 gnoll sergeants
  8 wights
  28 killer bees
  4 bombardier beetles
  An electric eel (Lair:3)
  10 howler monkeys
  A crimson imp (D:4)
  2 hounds
  6 jellies
  3 orc priests
  A gnoll bouda (D:4)
  3 sleepcaps
  6 iguanas
  10 orc wizards
  Natasha (thrice) (D:3)
  Robin (D:3)
  5 adders
  27 gnolls
  A shadow imp (D:6)
  2 white imps
  2 ribbon worms (D:3)
  3 dart slugs
  58 orcs
  7 ball pythons
  6 bats
  16 endoplasms
  4 giant cockroaches
  13 hobgoblins
  7 jackals
  2 quokkas (D:2)
  6 frilled lizards
  17 goblins
  A goblin skeleton (D:4)
  A goblin zombie (D:4)
  2 hobgoblin zombies (D:4)
  13 kobolds
  2 kobold zombies (D:4)
  2 orc zombies (D:4)
  4 rats
497 creatures vanquished.

Vanquished Creatures (others)
  2 orcs (Orc:1)
2 creatures vanquished.

Grand Total: 499 creatures vanquished

Table legend:
 A = Non-vault XP
 B = Vault XP
 C = Vault XP percentage of total XP
 D = Non-vault monster count
 E = Vault monster count
 F = Vault count percentage of total count
                 A         B        C        D         E       F
            +---------+---------+-------+---------+---------+-------
      Total |   47694 |   13354 |  21.9 |     347 |     150 |  30.2
            +---------+---------+-------+---------+---------+-------
        D:1 |      27 |       0 |   0.0 |      15 |       0 |   0.0
        D:2 |      18 |       0 |   0.0 |      12 |       0 |   0.0
        D:3 |     187 |     181 |  49.2 |      28 |      24 |  46.2
        D:4 |     455 |     356 |  43.9 |      18 |      14 |  43.8
        D:5 |     661 |       1 |   0.2 |      15 |       1 |   6.2
        D:6 |     912 |     711 |  43.8 |      15 |       3 |  16.7
        D:7 |    1404 |     472 |  25.2 |      22 |      20 |  47.6
        D:8 |    1596 |      42 |   2.6 |      20 |       4 |  16.7
        D:9 |    2299 |     146 |   6.0 |      22 |       8 |  26.7
       D:10 |    3904 |    1273 |  24.6 |      20 |       3 |  13.0
       D:11 |    5582 |     901 |  13.9 |      22 |       1 |   4.3
       D:12 |    7732 |       0 |   0.0 |      33 |       0 |   0.0
       D:13 |    2697 |       0 |   0.0 |       8 |       0 |   0.0
     Lair:1 |    5916 |    3944 |  40.0 |      26 |      10 |  27.8
     Lair:2 |    4720 |    2915 |  38.2 |      15 |      10 |  40.0
     Lair:3 |    5020 |    2099 |  29.5 |      27 |      28 |  50.9
      Orc:1 |    4564 |       0 |   0.0 |      29 |       0 |   0.0
     Bailey |       0 |     313 | 100.0 |       0 |      24 | 100.0
            +---------+---------+-------+---------+---------+-------

Skill      XL: |  1  2  3  4  5  6  7  8  9 10 11 12 13 14 |
---------------+-------------------------------------------+-----
Unarmed Combat | 4 5 6 7 8 10 11 | 11.0
Shapeshifting  | 6 7 9 11 12 | 12.3
Fighting       | 8 |  8.8
Dodging        | 8 10 12 13 14 | 14.4
Stealth        | 1 8 |  8.4
Necromancy     | 3 4 |  4.5
Spellcasting   | 3 |  3.1

Action                     |  1- 3 |  4- 6 |  7- 9 | 10-12 | 13-15 || total
---------------------------+-------+-------+-------+-------+-------++-------
  Melee: Unarmed           |    52 |   104 |   169 |   537 |   494 ||  1356
         Constrict         |    19 |    23 |    42 |    81 |   107 ||   272
         Tentacles         |     9 |    13 |    37 |   185 |    88 ||   332
         Punch             |     1 |     5 |    12 |       |     6 ||    24
 Invoke: Curse Item        |       |       |     2 |     2 |     2 ||     6
  Evoke: Wand              |       |       |     5 |     2 |     1 ||     8
    Use: Scroll            |       |     4 |     1 |     2 |     7 ||    14
         Potion            |       |     3 |     9 |     5 |     8 ||    25
   Stab: Sleeping          |     6 |     5 |    17 |     1 |    10 ||    39
         Distracted        |       |       |     1 |       |       ||     1
         Invisible         |       |       |     1 |     1 |       ||     2
         Paralysed         |       |       |       |     1 |       ||     1
 Armour: Skin              |    15 |    71 |    94 |   147 |   227 ||   554
  Dodge: Dodged            |    32 |    45 |    85 |   496 |   687 ||  1345
   Form: Flux              |       |       |       |     1 |     1 ||     2
         Blade             |       |       |       |       |     1 ||     1
         Serpent           |       |       |       |       |     1 ||     1

Illustrated notes

Table legend:
 A = Kills in this place as a percentage of kills in the entire game.
 B = Kills by you in this place as a percentage of kills by you in the entire game.
 C = Kills by friends in this place as a percentage of kills by friends in the entire game.
 D = Other kills in this place as a percentage of other kills in the entire game.
 E = Experience gained in this place as a percentage of experience gained in the entire game.
 F = Experience gained in this place divided by the number of levels of this place that you have seen.
                   A       B       C       D       E      F
               +-------+-------+-------+-------+-------+----------------------
         Total | 100.0 | 100.0 |   N/A |   N/A | 100.0 | 3052.4
       Dungeon |  66.0 |  66.0 |   N/A |   N/A |  51.7 | 2427.5
          Lair |  23.3 |  23.3 |   N/A |   N/A |  40.3 | 8204.7
  Orcish Mines |   5.8 |   5.8 |   N/A |   N/A |   7.5 | 4564.0
        Bailey |   4.8 |   4.8 |   N/A |   N/A |   0.5 | 313.0
               +-------+-------+-------+-------+-------+----------------------

Table legend: (Time is in decaauts)
 A = Elapsed time spent in this place.
 B = Non-inter-level travel time spent in this place.
 C = Inter-level travel time spent in this place.
 D = Time resting spent in this place.
 E = Time spent auto-exploring this place.
 F = Levels seen in this place.
 G = Mean time per level.
                   A        B        C        D        E       F      G
               +--------+--------+--------+--------+--------+-----+--------+
         Total |  19503 |  18463 |   1040 |   1984 |  13250 |  20 |  975.2 |
       Dungeon |  14748 |  13855 |    893 |   1167 |  10515 |  13 | 1134.5 |
        Temple |     14 |      9 |      5 |      0 |      0 |   1 |   14.0 |
          Lair |   2611 |   2511 |    100 |    140 |   1698 |   3 |  870.3 |
  Orcish Mines |   1120 |   1078 |     42 |    317 |    548 |   1 | 1120.0 |
        Bailey |    978 |    978 |      0 |    359 |    488 |   1 |  978.0 |
       Volcano |     28 |     28 |      0 |      0 |      0 |   1 |   28.0 |
               +--------+--------+--------+--------+--------+-----+--------+

Top non-repeatable levels by time:
    D:12: 1974 daAuts
    D:10: 1754 daAuts
     D:4: 1609 daAuts
     D:7: 1426 daAuts
  Lair:1: 1179 daAuts
   Orc:1: 1120 daAuts
     D:3: 1118 daAuts
     D:6: 1097 daAuts
    D:11: 1085 daAuts
     D:5: 1079 daAuts
     D:8: 1011 daAuts
  Bailey: 978 daAuts
  Lair:2: 883 daAuts
     D:9: 848 daAuts
    D:13: 773 daAuts
